 Dungeon Crawl Stone Soup version 0.28-a0-723-g095bd1b44f (webtiles) character file.

Game seed: 18218300194392842973

2176 omnomnOMINOUS the Ducker (level 9, -4/62 HPs)
             Began as an Octopode Wanderer on Oct 25, 2021.
             Was a Believer of the Shining One.
             Shot with an arrow by a centaur (7 damage)
             ... on level 8 of the Dungeon.
             The game lasted 00:26:44 (9765 turns).

omnomnOMINOUS the Ducker (Octopode Wanderer)        Turns: 9765, Time: 00:26:46

Health: -4/62      AC:  1    Str: 10    XL:     9   Next: 32%
Magic:  12/12      EV: 16    Int: 26    God:    the Shining One [**....]
Gold:   297        SH:  6    Dex: 16    Spells: 6/12 levels left

rFire   . . .      SeeInvis .   a - +2 dagger (venom)
rCold   . . .      Faith    +   m - +1 buckler
rNeg    + . .      Spirit   .   (helmet restricted)
rPois   .          Reflect  .   x - amulet of faith
rElec   .          Harm     .   n - +6 ring of dexterity
rCorr   .          Rampage  .   v - +6 ring of intelligence
Will    .....                   (no ring)
Stlth   ++........              (no ring)
HPRegen 0.20/turn               (no ring)
MPRegen 0.13/turn               (no ring)
                                (no ring)
                                (no ring)

@: lethally poisoned (-4 -> -13), glowing
A: almost no armour, amphibious, 8 rings, camouflage 1, gelatinous body 1,
(nimble swimmer 1), tentacles
a: Renounce Religion, Divine Shield


You were on level 8 of the Dungeon.
You worshipped the Shining One.
The Shining One was pleased with you.
You visited 2 branches of the dungeon, and saw 9 of its levels.

You collected 297 gold pieces.

Inventory:

Hand Weapons
 a - a +2 dagger of venom (weapon)
 b - a +2 dagger of electrocution
 c - a +2 short sword of holy wrath
Missiles
 d - 4 datura-tipped darts
Armour
 m - a +1 buckler (worn)
Jewellery
 j - an amulet of reflection
 n - a +6 ring of dexterity (left tentacle)
 s - a ring of ice
 v - a +6 ring of intelligence (right tentacle)
 x - an amulet of faith (around mantle)
Wands
 o - a wand of flame (19)
 w - a wand of polymorph (8)
Scrolls
 l - 2 scrolls of magic mapping
 p - a scroll of fog
 r - a scroll of enchant weapon {unknown}
 u - a scroll of immolation {unknown}
 y - a scroll of vulnerability {unknown}
 B - a scroll of torment {unknown}
Potions
 e - 3 potions of lignification
 g - 2 potions of curing
 h - a potion of attraction
 i - a potion of invisibility
 t - a potion of resistance
 z - a potion of berserk rage
 A - 2 potions of magic


   Skills:
 + Level 6.0 Fighting
 - Level 2.0 Staves
 + Level 6.0 Dodging
 - Level 2.6 Stealth
 - Level 4.0 Shields
 - Level 2.0 Spellcasting
 + Level 5.7 Conjurations
 - Level 2.0 Hexes
 + Level 2.0 Translocations
 + Level 3.6 Invocations


You had 6 spell levels left.
You knew the following spells:

 Your Spells              Type           Power      Damage    Failure   Level
a - Magic Dart            Conj           100%       1d8       1%          1
b - Blink                 Tloc           26%        N/A       7%          2
c - Mephitic Cloud        Conj/Pois/Air  12%        N/A       14%         3

Your spell library contained the following spells:

 Spells                   Type           Power      Damage    Failure   Level
 Slow                     Hex            13%        N/A       7%          2
 Conjure Flame            Conj/Fire      17%        6-21      10%         3
 Call Imp                 Summ           2%         N/A       16%         2


Dungeon Overview and Level Annotations

Branches:
Dungeon (8/15)             Temple (1/1) D:6
   Lair: D:8-11

Altars:
Ashenzari
Cheibriados
Dithmenos
Elyvilon
Fedhas
Gozag
Hepliaklqana
Kikubaaqudgha
Makhleb
Nemelex Xobeh
Okawaru
Qazlal
Ru
Sif Muna
Trog
Uskayaw
Vehumet
Wu Jian
Xom
Yredelemnul
Zin
The Shining One

Shops:
D:4 *


Innate Abilities, Weirdness & Mutations

You cannot wear most types of armour.
You are amphibious.
You can wear up to eight rings at the same time.
Your skin changes colour to match your surroundings (Stealth+).
Your rubbery body absorbs attacks. (AC +1, EV +1)
((You are camouflaged near water. (Stealth+)))
You have tentacles for arms and can constrict up to eight enemies at once.


Message History

The centaur hits you.
* * * LOW HITPOINT WARNING * * *
The centaur kicks you.
* * * LOW HITPOINT WARNING * * *
The killer bee stings you.
* * * LOW HITPOINT WARNING * * *
You feel better. The killer bee barely misses you. x2
The killer bee stings you.
* * * LOW HITPOINT WARNING * * *
The killer bee misses you.
The centaur warrior closely misses you. x2
You block the centaur's attack. The centaur misses you.
The killer bee completely misses you. The killer bee stings you.
* * * LOW HITPOINT WARNING * * *
Your centaur wields a +0 shortbow.
Your centaur shoots an arrow.
The arrow completely misses the killer bee.
Your centaur closely misses the killer bee.
Your centaur kicks the killer bee.
The killer bee stings you.
* * * LOW HITPOINT WARNING * * *
Okay, then.
Unknown command.
You swap places.
You kill the killer bee!
The killer bee stings you.
* * * LOW HITPOINT WARNING * * *
You are lethally poisoned!
The killer bee poisons you!
The centaur wields a +0 shortbow.
The centaur shoots an arrow.
The arrow hits your orc!
Your orc dies!
Your orc's corpse dissolves into shadows!
Your centaur hits the bullfrog.
Your centaur barely misses the bullfrog.
Your centaur unwields a +0 shortbow.
Your centaur closely misses the killer bee.
Your centaur kicks the killer bee.
The bullfrog hits your centaur! The killer bee stings your orc!
Your orc dies!
Your orc's corpse dissolves into shadows!
The centaur shoots an arrow.
The arrow hits you!
You die...

...#.. ...... .# ..
#.#.. .##.. . #...##
##.#c. #. ###....
....c. ...#.#...###..#
......§Fyc§§..#
#....cy§y§§..#
##...§@cy§...#
##..§o§c#§..#
#..o§§###..#
.......###..#
.........#....#
..............########
#.......##...........##
...##...##.......#.....
..#..#........#


You could see a centaur warrior, a bullfrog, a centaur, 4 killer bees, 2
friendly centaurs and 2 friendly orcs.

Vanquished Creatures
  A steam dragon (D:6)
  A water moccasin (D:6)
  A black bear (D:7)
  Duvessa (D:4)
  A necrophage (D:7)
  2 sky beasts
  An orc warrior (D:7)
  2 ogres
  A kobold brigand (D:7)
  A bullfrog (D:7)
  2 scorpions (D:7)
  Dowan (D:4)
  A killer bee (D:8)
  5 wights
  A centaur zombie (D:6)
  Crazy Yiuf (D:4)
  A hound (D:5)
  4 jellies
  3 bullfrog skeletons
  3 iguanas (D:6)
  2 orc wizards
  A killer bee zombie (D:7)
  11 gnolls
  A howler monkey skeleton (D:6)
  4 adders (D:4)
  A white imp (D:7)
  An ufetubus (D:6)
  2 adder skeletons (D:4)
  A worm (D:4)
  2 dart slugs
  10 orcs
  4 bats
  3 endoplasms
  2 giant cockroaches (D:1)
  5 goblins
  3 hobgoblins
  14 kobolds
  4 quokkas
  7 ball pythons
  4 frilled lizards
  4 rats
120 creatures vanquished.

Vanquished Creatures (others)
  2 fungi (D:4)
2 creatures vanquished.

Grand Total: 122 creatures vanquished

Notes
Turn   | Place    | Note
-------+----------+-------------------------------------------
     0 | D:1      | omnomnOMINOUS the Octopode Wanderer began the quest for the
                  | Orb.
     0 | D:1      | omnomnOMINOUS set off with the following items: a +0
                  | falchion, a potion of curing, a +0 dagger; and the
                  | following spell memorised: Magic Dart; and the following
                  | spells available to memorise: Slow, Blink, Call Imp,
                  | Conjure Flame, Mephitic Cloud
     0 | D:1      | Reached XP level 1. HP: 14/14 MP: 2/2
   257 | D:1      | Reached XP level 2. HP: 19/19 MP: 3/3
   950 | D:1      | Reached XP level 3. HP: 16/24 MP: 4/4
  1671 | D:2      | Found a bloodstained altar of Trog.
  1977 | D:3      | You fall into a shaft and drop 3 floors!
  1999 | D:6      | Reached skill level 1 in Conjurations
  1999 | D:6      | Reached XP level 4. HP: 23/30 MP: 1/6
  2114 | D:6      | Noticed a water moccasin
  2124 | D:6      | Killed a water moccasin
  2125 | D:6      | Reached skill level 1 in Shields
  2125 | D:6      | Reached XP level 5. HP: 23/36 MP: 6/8
  2143 | D:6      | Found a staircase to the Ecumenical Temple.
  2161 | Temple   | Entered the Ecumenical Temple
  2511 | Temple   | Became a worshipper of the Shining One
  2584 | D:5      | Entered Level 5 of the Dungeon
  2631 | D:5      | Noticed an ogre
  2718 | D:4      | Found Dotopp's Mayhem Merchandise.
  3026 | D:4      | Reached XP level 6. HP: 12/42 MP: 9/9
  3432 | D:4      | Noticed Dowan
  3432 | D:4      | Noticed Duvessa
  3495 | D:4      | Killed Dowan
  3553 | D:4      | Killed Duvessa
  4056 | D:3      | Reached XP level 7. HP: 43/47 MP: 10/10
  4673 | D:3      | Found an iron altar of Okawaru.
  4960 | D:4      | Reached * piety under the Shining One
  5710 | D:4      | Found a hazy altar of Hepliaklqana.
  5804 | D:4      | Found a runed translucent door.
  5805 | D:4      | Noticed Crazy Yiuf
  5812 | D:4      | Killed Crazy Yiuf
  6218 | D:5      | Learned a level 2 spell: Blink
  6222 | D:5      | Learned a level 3 spell: Mephitic Cloud
  6708 | D:5      | Reached XP level 8. HP: 45/54 MP: 11/11
  7567 | D:6      | Reached skill level 5 in Fighting
  7567 | D:6      | Reached skill level 5 in Dodging
  7567 | D:6      | Reached skill level 1 in Invocations
  7757 | D:6      | Found a hide-covered altar of Uskayaw.
  7803 | D:6      | Found an opulent altar of Gozag.
  8070 | D:7      | Reached ** piety under the Shining One
  8108 | D:7      | Reached skill level 5 in Conjurations
  8420 | D:7      | Reached XP level 9. HP: 54/61 MP: 7/12
  8452 | D:8      | Reached skill level 1 in Translocations
  9756 | D:8      | Noticed a centaur warrior
  9765 | D:8      | HP: 3/62 [killer bee (2)]
  9765 | D:8      | Shot with an arrow by a centaur

Illustrated notes

Levels and vault maps discovered:
D:1:      dpeg_arrival_more_subterranean_lakeside_camping, layout_basic
D:2:      layout_loops_ring, basic_altar
D:3:      layout_loops_ring, okawaru_metal_pillars_1_2, grunt_decor_junction
D:4:      layout_loops_ring, mainiacjoe_overflow_alcove_1, minmay_shop_mayhem,
          uniq_crazy_yiuf_cottage, uniq_duvessa
D:5:      layout_loops_ring, dk_rats_in_the_wall
D:6:      layout_gridville, mainiacjoe_overflow_two_lobes,
          minmay_temple_entry_trees
D:7:      layout_loops_corners
D:8:      minmay_opposing_rooms, layout_cave_pools
Temple:   dpeg_five_rooms_temple

Skill      XL: |  1  2  3  4  5  6  7  8  9 |
---------------+----------------------------+-----
Dodging        | 2 3 4 5 6 |  6.0
Conjurations   | 1 2 3 4 5 |  5.7
Shields        | 1 2 3 4 |  4.0
Spellcasting   | 2 |  2.0
Fighting       | 3 4 5 6 |  6.0
Invocations    | 2 3 |  3.6
Translocations | 2 |  2.0
Staves         | |  2.0
Stealth        | |  2.6
Hexes          | |  2.0

Action                   |  1- 3 |  4- 6 |  7- 9 || total
-------------------------+-------+-------+-------++-------
Melee: Falchion          |    26 |       |       ||    26
       Constrict         |    14 |    14 |    36 ||    64
       Dagger            |    42 |    47 |    41 ||   130
       Tentacles         |     9 |    19 |    44 ||    72
       Short sword       |       |     7 |   136 ||   143
 Cast: Magic Dart        |    11 |    25 |    98 ||   134
       Mephitic Cloud    |       |       |     2 ||     2
  Use: Potion            |       |     6 |     4 ||    10
       Scroll            |       |     1 |    10 ||    11
 Stab: Sleeping          |     9 |       |       ||     9
Armor: Skin              |     4 |       |     8 ||    12
Dodge: Dodged            |    35 |    34 |   114 ||   183
Block: Buckler           |     3 |    32 |    60 ||    95
       Other             |     3 |       |       ||     3
       Reflection        |       |     2 |     2 ||     4

Table legend: (Time is in decaauts)
 A = Elapsed time spent in this place.
 B = Non-inter-level travel time spent in this place.
 C = Inter-level travel time spent in this place.
 D = Time resting spent in this place.
 E = Time spent auto-exploring this place.
 F = Levels seen in this place.
 G = Mean time per level.
                   A        B        C        D        E       F      G
               +--------+--------+--------+--------+--------+-----+--------+
         Total |   9795 |   9291 |    504 |   2259 |   5610 |   9 | 1088.3 |
       Dungeon |   9409 |   8939 |    470 |   2259 |   5275 |   8 | 1176.1 |
        Temple |    385 |    351 |     34 |      0 |    335 |   1 |  385.0 |
               +--------+--------+--------+--------+--------+-----+--------+

Top non-repeatable levels by time:
     D:4: 2278 daAuts
     D:7: 1607 daAuts
     D:6: 1370 daAuts
     D:1: 1067 daAuts
     D:2: 992 daAuts
     D:5: 950 daAuts
     D:3: 939 daAuts
  Temple: 385 daAuts
     D:8: 203 daAuts
